[ PARTIDA AOE2 · #465565655 ]
UnrankedVietnamitas vs Mapuche
Equipo del jugador · DERR
Equipo rival · VICT
[ ANÁLISIS DE REPETICIÓN · EXTRAÍDO DE LA PARTIDA GRABADA ]
Feudal
11:32
Castillos
23:39
Imperial
47:24
| APM promedio | 21.8 |
| APM pico | 49 |
| eAPM promedio | 14.9 |
| Aldeanos / militares | 157 / 1043 |
Foco
⚔️ 41.4% · 🌾 58.6%
Skirmisher ×388 · Militia ×240 · Spearman ×161 · Scout Cavalry ×125 · Archer ×96 · Battering Ram ×13
Feudal
9:45
Castillos
15:46
Imperial
45:12
| APM promedio | 27.2 |
| APM pico | 82 |
| eAPM promedio | 13.2 |
| Aldeanos / militares | 135 / 759 |
Foco
⚔️ 51.7% · 🌾 48.3%
Spearman ×327 · Skirmisher ×286 · Kona ×64 · Scorpion ×52 · Mangonel ×14 · Trebuchet (Packed) ×8
Mapa de la partida
Recursos iniciales + cada clic de construcción. Líneas = muros · curvas = relieve. ◆ oro · ⬟ piedra · ● bayas · ✦ reliquia · ◌ hueco del cierre
Tu base· Abierta — hueco de 6t
Base de TILONXO· Abierta — flanco sin cerrar
Terreno inicial suavizado · ◌ = hueco del cierre detectado · pasá el cursor para detalles
Inputs por minuto
— wookieesaurus teacup - - TILONXO
Build order — wookieesaurus teacup
Primeras 150 de 695 acciones detectadas
| 0:00 | Crear | Villager (Male) |
| 0:01 | Crear | Villager (Male) |
| 0:01 | Crear | Villager (Male) |
| 0:01 | Crear | Villager (Male) |
| 0:03 | Construir | House |
| 0:04 | Construir | House |
| 1:32 | Crear | Villager (Male) |
| 2:04 | Crear | Villager (Male) |
| 2:05 | Crear | Villager (Male) |
| 2:18 | Crear | Villager (Male) |
| 2:40 | Construir | Lumber Camp |
| 3:00 | Crear | Villager (Male) |
| 3:08 | Crear | Villager (Male) |
| 3:37 | Construir | House |
| 3:39 | Crear | Villager (Male) |
| 3:41 | Crear | Villager (Male) |
| 4:31 | Crear | Villager (Male) |
| 4:43 | Crear | Villager (Male) |
| 4:54 | Investigar | Loom |
| 5:12 | Construir | House |
| 5:38 | Construir | Mill |
| 5:42 | Crear | Villager (Male) |
| 6:05 | Crear | Villager (Male) |
| 6:20 | Crear | Villager (Male) |
| 6:35 | Crear | Villager (Male) |
| 6:53 | Crear | Villager (Male) |
| 7:09 | Crear | Villager (Male) |
| 7:42 | Construir | Mining Camp |
| 8:24 | Crear | Villager (Male) |
| 8:31 | Construir | Lumber Camp |
| 8:45 | Crear | Villager (Male) |
| 8:55 | Construir | House |
| 9:05 | Construir | Barracks |
| 9:06 | Crear | Villager (Male) |
| 9:22 | Investigar | Feudal Age |
| 9:23 | Crear | Villager (Male) |
| 9:34 | Construir | House |
| 9:47 | Construir | Mill |
| 10:03 | Crear | Villager (Male) |
| 10:32 | Construir | Palisade Wall |
| 10:33 | Crear | Villager (Male) |
| 10:54 | Construir | Farm |
| 10:54 | Construir | Farm |
| 10:55 | Construir | Farm |
| 10:56 | Construir | Farm |
| 10:57 | Construir | Farm |
| 11:32 | Edad | Edad Feudal |
| 11:34 | Investigar | Double-Bit Axe |
| 11:38 | Investigar | Horse Collar |
| 11:46 | Construir | Stone Wall |
| 11:55 | Construir | Mining Camp |
| 12:20 | Investigar | Town Watch |
| 12:34 | Construir | Blacksmith |
| 12:42 | Construir | Market |
| 12:44 | Crear | Villager (Male) |
| 12:53 | Crear | Villager (Male) |
| 13:29 | Crear | Villager (Male) |
| 13:32 | Crear | Villager (Male) |
| 13:32 | Crear | Villager (Male) |
| 13:37 | Construir | Stone Wall |
| 13:42 | Crear | Villager (Male) |
| 14:04 | Construir | House |
| 14:05 | Construir | House |
| 14:06 | Construir | House |
| 14:07 | Construir | House |
| 14:16 | Construir | Stone Wall |
| 14:32 | Crear | Villager (Male) |
| 14:36 | Crear | Villager (Male) |
| 14:42 | Crear | Villager (Male) |
| 14:46 | Construir | Archery Range |
| 14:49 | Construir | House |
| 14:52 | Crear | Villager (Male) |
| 14:58 | Construir | Farm |
| 14:59 | Crear | Villager (Male) |
| 15:12 | Crear | Villager (Male) |
| 15:26 | Crear | Villager (Male) |
| 15:52 | Crear | Villager (Male) |
| 16:08 | Construir | Farm |
| 16:08 | Construir | Farm |
| 16:09 | Construir | Farm |
| 16:09 | Construir | Farm |
| 16:10 | Construir | Farm |
| 16:13 | Crear | Villager (Male) |
| 16:27 | Construir | Archery Range |
| 16:31 | Investigar | Fletching |
| 16:39 | Construir | Stone Wall |
| 17:02 | Construir | House |
| 17:04 | Construir | House |
| 17:05 | Construir | House |
| 17:08 | Construir | House |
| 17:20 | Construir | Farm |
| 17:21 | Construir | Farm |
| 17:22 | Construir | Farm |
| 17:23 | Construir | Farm |
| 17:27 | Investigar | Wheelbarrow |
| 17:32 | Construir | House |
| 17:34 | Construir | House |
| 17:37 | Crear | Archer |
| 17:37 | Crear | Archer |
| 17:37 | Crear | Archer |
| 17:39 | Crear | Archer |
| 17:49 | Crear | Villager (Male) |
| 18:03 | Construir | Stone Wall |
| 18:05 | Crear | Villager (Male) |
| 18:33 | Crear | Villager (Male) |
| 18:35 | Crear | Archer |
| 18:36 | Crear | Archer |
| 18:55 | Construir | Gate |
| 18:57 | Crear | Villager (Male) |
| 18:58 | Crear | Villager (Male) |
| 18:59 | Crear | Villager (Male) |
| 19:01 | Crear | Villager (Male) |
| 19:04 | Construir | House |
| 19:06 | Construir | House |
| 19:18 | Construir | Stone Wall |
| 19:19 | Construir | Stone Wall |
| 19:29 | Construir | Lumber Camp |
| 19:47 | Crear | Villager (Male) |
| 19:53 | Construir | Stone Wall |
| 20:14 | Construir | Gate |
| 20:18 | Construir | House |
| 20:19 | Construir | House |
| 20:21 | Construir | House |
| 20:22 | Construir | House |
| 20:24 | Crear | Archer |
| 20:24 | Crear | Archer |
| 20:34 | Investigar | Man-at-Arms (upgrade) |
| 20:39 | Construir | Archery Range |
| 20:40 | Construir | Barracks |
| 20:43 | Construir | Farm |
| 20:55 | Investigar | Castle Age |
| 21:07 | Construir | Stone Wall |
| 21:09 | Crear | Villager (Male) |
| 21:11 | Crear | Villager (Male) |
| 21:17 | Crear | Villager (Male) |
| 21:17 | Crear | Villager (Male) |
| 21:26 | Crear | Villager (Male) |
| 21:28 | Construir | Farm |
| 21:33 | Construir | Outpost |
| 21:36 | Crear | Villager (Male) |
| 21:48 | Construir | Stone Wall |
| 21:53 | Construir | Gate |
| 21:58 | Construir | Stone Wall |
| 22:03 | Construir | Gate |
| 22:04 | Crear | Villager (Male) |
| 22:10 | Crear | Archer |
| 22:10 | Crear | Archer |
| 22:24 | Crear | Archer |
| 22:25 | Crear | Archer |
| 22:25 | Crear | Archer |
Build order — TILONXO
Primeras 150 de 558 acciones detectadas
| 0:04 | Construir | House |
| 0:05 | Construir | House |
| 0:11 | Investigar | Loom |
| 0:12 | Crear | Villager (Male) |
| 0:12 | Crear | Villager (Male) |
| 0:12 | Crear | Villager (Male) |
| 0:12 | Crear | Villager (Male) |
| 0:38 | Construir | House |
| 2:18 | Crear | Villager (Male) |
| 2:26 | Construir | Settlement |
| 2:38 | Crear | Villager (Male) |
| 3:10 | Crear | Villager (Male) |
| 3:24 | Crear | Villager (Male) |
| 3:36 | Crear | Villager (Male) |
| 4:04 | Crear | Villager (Male) |
| 4:26 | Crear | Villager (Male) |
| 4:48 | Crear | Villager (Male) |
| 5:12 | Crear | Villager (Male) |
| 5:38 | Crear | Villager (Male) |
| 5:56 | Crear | Villager (Male) |
| 7:10 | Crear | Villager (Male) |
| 7:23 | Investigar | Feudal Age |
| 9:28 | Crear | Villager (Male) |
| 9:28 | Crear | Villager (Male) |
| 9:45 | Edad | Edad Feudal |
| 9:54 | Crear | Villager (Male) |
| 9:57 | Crear | Villager (Male) |
| 10:20 | Construir | Settlement |
| 10:37 | Crear | Villager (Male) |
| 11:46 | Crear | Villager (Male) |
| 11:48 | Crear | Villager (Male) |
| 12:02 | Construir | Market |
| 12:18 | Crear | Villager (Male) |
| 12:33 | Construir | Blacksmith |
| 12:48 | Construir | House |
| 13:00 | Investigar | Castle Age |
| 13:43 | Investigar | Double-Bit Axe |
| 13:44 | Investigar | Horse Collar |
| 14:12 | Crear | Villager (Male) |
| 14:48 | Crear | Spearman |
| 14:49 | Crear | Spearman |
| 14:49 | Crear | Spearman |
| 15:04 | Construir | Farm |
| 15:13 | Construir | Farm |
| 15:14 | Construir | Farm |
| 15:15 | Construir | Farm |
| 15:33 | Construir | House |
| 15:45 | Construir | Farm |
| 15:46 | Edad | Edad de los Castillos |
| 15:46 | Construir | Farm |
| 15:51 | Crear | Villager (Male) |
| 16:14 | Construir | House |
| 16:16 | Construir | Palisade Wall |
| 16:18 | Construir | Palisade Gate |
| 16:31 | Crear | Spearman |
| 16:31 | Crear | Spearman |
| 16:33 | Crear | Skirmisher |
| 16:34 | Crear | Villager (Male) |
| 16:39 | Construir | Farm |
| 17:04 | Crear | Villager (Male) |
| 17:16 | Construir | House |
| 17:42 | Construir | House |
| 17:47 | Construir | Town Center |
| 18:04 | Crear | Villager (Male) |
| 18:05 | Crear | Villager (Male) |
| 18:29 | Crear | Villager (Male) |
| 18:30 | Crear | Villager (Male) |
| 19:03 | Construir | Monastery |
| 19:05 | Construir | House |
| 19:06 | Construir | House |
| 19:11 | Crear | Villager (Male) |
| 19:22 | Construir | Farm |
| 19:23 | Construir | Farm |
| 19:31 | Construir | Farm |
| 19:33 | Construir | Farm |
| 19:39 | Crear | Monk |
| 20:02 | Crear | Villager (Male) |
| 20:03 | Crear | Villager (Male) |
| 20:03 | Crear | Villager (Male) |
| 20:04 | Crear | Villager (Male) |
| 20:12 | Construir | Farm |
| 20:13 | Construir | Farm |
| 20:34 | Construir | Settlement |
| 20:38 | Crear | Monk |
| 20:53 | Crear | Monk |
| 21:01 | Crear | Villager (Male) |
| 21:02 | Crear | Villager (Male) |
| 21:02 | Crear | Villager (Male) |
| 21:22 | Crear | Villager (Male) |
| 21:22 | Crear | Villager (Male) |
| 21:23 | Crear | Villager (Male) |
| 21:48 | Investigar | Fervor |
| 21:52 | Crear | Villager (Male) |
| 21:52 | Crear | Villager (Male) |
| 21:52 | Crear | Villager (Male) |
| 21:53 | Crear | Villager (Male) |
| 22:07 | Crear | Villager (Male) |
| 22:07 | Crear | Villager (Male) |
| 22:25 | Crear | Villager (Male) |
| 22:26 | Crear | Villager (Male) |
| 22:35 | Construir | Town Center |
| 23:07 | Crear | Villager (Male) |
| 23:07 | Crear | Villager (Male) |
| 23:07 | Crear | Villager (Male) |
| 23:08 | Crear | Villager (Male) |
| 23:08 | Crear | Villager (Male) |
| 23:26 | Construir | Farm |
| 23:27 | Construir | Farm |
| 23:39 | Investigar | Sanctity |
| 23:42 | Crear | Villager (Male) |
| 23:42 | Crear | Villager (Male) |
| 23:53 | Construir | Farm |
| 23:56 | Construir | Farm |
| 23:57 | Construir | Farm |
| 24:02 | Crear | Villager (Male) |
| 24:03 | Crear | Villager (Male) |
| 24:20 | Crear | Villager (Male) |
| 24:21 | Crear | Villager (Male) |
| 24:26 | Construir | Farm |
| 24:39 | Construir | Town Center |
| 24:46 | Crear | Villager (Male) |
| 24:47 | Crear | Villager (Male) |
| 24:47 | Crear | Villager (Male) |
| 25:13 | Crear | Villager (Male) |
| 25:13 | Crear | Villager (Male) |
| 25:14 | Crear | Villager (Male) |
| 25:14 | Crear | Villager (Male) |
| 25:28 | Construir | Farm |
| 25:29 | Construir | Farm |
| 25:30 | Construir | Farm |
| 25:32 | Construir | Farm |
| 25:33 | Construir | Farm |
| 26:00 | Crear | Skirmisher |
| 26:01 | Crear | Skirmisher |
| 26:01 | Crear | Skirmisher |
| 26:01 | Crear | Skirmisher |
| 26:02 | Crear | Skirmisher |
| 26:02 | Crear | Skirmisher |
| 26:02 | Crear | Skirmisher |
| 26:02 | Crear | Skirmisher |
| 26:03 | Crear | Skirmisher |
| 26:03 | Crear | Skirmisher |
| 26:03 | Crear | Skirmisher |
| 26:06 | Investigar | Elite Skirmisher (upgrade) |
| 26:23 | Construir | Settlement |
| 26:28 | Investigar | Pikeman (upgrade) |
| 26:42 | Crear | Villager (Male) |
| 26:43 | Crear | Villager (Male) |
| 26:43 | Crear | Villager (Male) |
| 26:56 | Crear | Skirmisher |
Cronología de la partida
| 9:05 | wookieesaurus teacup · first_building Barracks |
| 9:45 | TILONXO · age_up feudal |
| 10:32 | wookieesaurus teacup · wall_segment Palisade Wall x5 |
| 11:32 | wookieesaurus teacup · age_up feudal |
| 11:46 | wookieesaurus teacup · wall_segment Stone Wall x6 |
| 13:37 | wookieesaurus teacup · wall_segment Stone Wall x4 |
| 14:16 | wookieesaurus teacup · wall_segment Stone Wall x1 |
| 14:46 | wookieesaurus teacup · first_building Archery Range |
| 15:46 | TILONXO · age_up castle |
| 16:16 | TILONXO · wall_segment Palisade Wall x4 |
| 16:39 | wookieesaurus teacup · wall_segment Stone Wall x5 |
| 18:03 | wookieesaurus teacup · wall_segment Stone Wall x5 |
| 19:03 | TILONXO · first_building Monastery |
| 19:18 | wookieesaurus teacup · wall_segment Stone Wall x8 |
| 19:19 | wookieesaurus teacup · wall_segment Stone Wall x1 |
| 19:53 | wookieesaurus teacup · wall_segment Stone Wall x1 |
| 20:52 | wookieesaurus teacup · first_market_sell 100 wood |
| 21:07 | wookieesaurus teacup · wall_segment Stone Wall x2 |
| 21:48 | wookieesaurus teacup · wall_segment Stone Wall x8 |
| 21:58 | wookieesaurus teacup · wall_segment Stone Wall x7 |
| 22:40 | wookieesaurus teacup · wall_segment Stone Wall x8 |
| 22:46 | wookieesaurus teacup · wall_segment Stone Wall x8 |
| 23:39 | wookieesaurus teacup · age_up castle |
| 23:53 | wookieesaurus teacup · first_building Siege Workshop |
| 26:06 | wookieesaurus teacup · wall_segment Stone Wall x14 |
| 26:12 | wookieesaurus teacup · wall_segment Stone Wall x13 |
| 27:42 | TILONXO · first_building Castle |
| 28:32 | wookieesaurus teacup · wall_segment Stone Wall x4 |
| 36:52 | TILONXO · first_building Siege Workshop |
| 38:45 | wookieesaurus teacup · first_building Castle |
| 45:12 | TILONXO · age_up imperial |
| 47:24 | wookieesaurus teacup · age_up imperial |
| 70:49 | wookieesaurus teacup · first_building Stable |
| 76:14 | wookieesaurus teacup · wall_segment Stone Wall x2 |
| 82:33 | wookieesaurus teacup · resign |
[ ANÁLISIS IA · 1 CRÉDITO ]
¿Qué pasó realmente en esta partida?
Wolo.gg analiza cada decisión: build order, eco, micro, errores típicos por bracket. Análisis personalizado por WhatsApp o Discord en 30 segundos.
Guía civ
Vietnamitas
Perfil
Jugador #237759